 Dungeon Crawl Stone Soup version 0.28.0-45-g0d030f2227 (webtiles) character file.

Game seed: 15245019881084399154

3 NinjaNoafa the Grave Robber (level 1, 0/14 HPs)
             Began as a Ghoul Necromancer on Apr 4, 2022.
             Slain by a jackal (3 damage)
             ... on level 1 of the Dungeon.
             The game lasted 00:01:04 (185 turns).

NinjaNoafa the Grave Robber (Ghoul Necromancer)      Turns: 185, Time: 00:01:05

Health: 0/14       AC:  2    Str: 11    XL:     1   Next: 50%
Magic:  0/2        EV: 12    Int: 10    God:
Gold:   0          SH:  0    Dex:  9    Spells: 2/3 levels left

rFire   . . .      SeeInvis .   (no weapon)
rCold   + . .      Faith    .   (no shield)
rNeg    + + +      Spirit   .   a - +0 robe
rPois   ∞          Reflect  .   (no helmet)
rElec   .          Harm     .   (no cloak)
rCorr   .          Rampage  .   (no gloves)
Will    .....                   (no boots)
Stlth   ++........              (no amulet)
HPRegen 0.00/turn               (no ring)
MPRegen 0.08/turn               (no ring)

@: inhibited regen
A: claws 1, cold resistance 1, negative energy resistance 3, inhibited
regeneration, torment resistance 2
a: no special abilities


You were on level 1 of the Dungeon.
You visited 1 branch of the dungeon, and saw 1 of its levels.

Inventory:

Armour
 a - a +0 robe (worn)
Scrolls
 c - a scroll of blinking {unknown}
Potions
 b - a potion of brilliance {unknown}


   Skills:
 + Level 0.2 Fighting
 + Level 1.8 Dodging
 + Level 2.2 Stealth
 + Level 1.8 Spellcasting
 + Level 4.0 Necromancy


You had 2 spell levels left.
You knew the following spells:

 Your Spells              Type           Power      Damage    Failure   Level
a - Pain                  Necr           32%        1d5       6%          1

Your spell library contained the following spells:

 Spells                   Type           Power      Damage    Failure   Level
 Animate Skeleton         Necr           16%        N/A       6%          1
 Vampiric Draining        Necr           8%         2d6       19%         3
 Animate Dead             Necr           4%         N/A       52%         4
 Agony                    Necr           8%         N/A       86%         5


Dungeon Overview and Level Annotations

Branches:
Dungeon (1/15)

Altars:


Innate Abilities, Weirdness & Mutations

You thrive by killing the living.
You are immune to poison.
You have sharp fingernails.
Your flesh is cold resistant. (rC+)
You are immune to negative energy. (rN+++)
You do not regenerate when monsters are visible.
You are immune to unholy pain and torment.


Message History

You barely miss the jackal. The bat closely misses you.
The jackal closely misses you. The jackal bites you.
You scratch the jackal.
The jackal is moderately wounded.
The bat hits you but does no damage. The jackal closely misses you.
You barely miss the jackal.
The jackal is moderately wounded.
The bat hits you but does no damage. The jackal bites you. The bat misses you.
The giant cockroach barely misses you.
Casting: Pain (safe; 6% risk of failure)
Confirm with . or Enter, or press ? or * to list all spells.
You don't have enough magic to cast this spell.
You scratch the bat.
The bat is moderately wounded.
The bat barely misses you. The bat hits you. The jackal bites you.
The giant cockroach misses you. The jackal closely misses you.
The bat closely misses you. The bat misses you.
You miss the bat.
The bat is moderately wounded.
The bat hits you but does no damage. The jackal bites you.
The giant cockroach bites you but does no damage.
The bat hits you but does no damage. The jackal barely misses you.
The bat hits you. The bat hits you but does no damage.
The giant cockroach closely misses you. The bat hits you but does no damage.
The jackal closely misses you.
You closely miss the bat.
The bat is moderately wounded.
The bat misses you. The jackal bites you.
* * * LOW HITPOINT WARNING * * *
The bat hits you.
* * * LOW HITPOINT WARNING * * *
The jackal closely misses you.
Casting: Pain (safe; 6% risk of failure)
Confirm with . or Enter, or press ? or * to list all spells.
Aiming: Pain (safe; 6% risk of failure)
Press: ? - help, Shift-Dir - straight line, f - jackal
Aim: a jackal (lightly wounded, chance to affect: 75%)
The jackal struggles to resist.
The bat hits you but does no damage. The jackal bites you.
You die...

#.# #........# #.#
#........# #.#
#........# #.#
##.......# #.#
#.......# #.#
#.......# #.#
###'##### #.#
#......#
#@#########......#
#.h.......#......#
#Bb........#+#####
#............#####
#................#
#..####......##...
#†.# #.#.........
..... #.(....#....
....##.#.#.........


You could see a jackal, a giant cockroach and a bat.

Vanquished Creatures
  A jackal (D:1)
  A kobold (D:1)
  A rat (D:1)
3 creatures vanquished.

Notes
Turn   | Place    | Note
-------+----------+-------------------------------------------
     0 | D:1      | NinjaNoafa the Ghoul Necromancer began the quest for the
                  | Orb.
     0 | D:1      | Reached XP level 1. HP: 14/14 MP: 2/2
   185 | D:1      | Slain by a jackal

Illustrated notes

Levels and vault maps discovered:
D:1:      lightli_molten_gateway, layout_basic

Action                   || total
-------------------------++-------
Melee: Unarmed           ||     9
 Cast: Pain              ||     5
Armor: Robe              ||     8
Dodge: Dodged            ||    20
